 Dungeon Crawl Stone Soup version 0.20.0-15-g7f486f2 (webtiles) character file.

1563 Pikken the Grappler (level 8, 0/79 HPs)
             Began as a Troll Monk on June 18, 2017.
             Was an Elder of Trog.
             Slain by a gnoll (6 damage)
             ... on level 5 of the Dungeon.
             The game lasted 00:14:50 (3695 turns).

Pikken the Grappler (Troll Monk)                    Turns: 3695, Time: 00:14:52

Health: 0/79       AC:  6    Str: 26    XL:     8   Next: 58%
Magic:  7/7        EV: 12    Int:  6    God:    Trog [****..]
Gold:   35         SH:  0    Dex: 14    Spells: 7/7 levels left

rFire    . . .     SeeInvis .     - Unarmed
rCold    . . .     Gourm    +   (no shield)
rNeg     . . .     Faith    +   i - +1 robe {Archmagi}
rPois    .         Spirit   .   (helmet restricted)
rElec    .         Reflect  .   (no cloak)
rCorr    .         Harm     .   (gloves unavailable)
MR       ++...                  (boots unavailable)
Stlth    ++........             o - amulet of faith
Regen    0.7/turn               p - ring of protection from magic
MPRegen  0.1/turn               l - +6 ring of strength

@: lethally poisoned (0 -> -7), berserk cooldown, flying, slowed, very slow
A: unfitting armour, claws 3, blurry vision 1, fast metabolism 3, gourmand,
magic resistance 1, regeneration 1, shaggy fur 1, tough skin 2
a: Berserk, Trog's Hand, Brothers in Arms, Burn Spellbooks, Renounce Religion


You were on level 5 of the Dungeon.
You worshipped Trog.
Trog was greatly pleased with you.
You were very full.

You visited 1 branch of the dungeon, and saw 5 of its levels.

You collected 250 gold pieces.
You spent 215 gold pieces at shops.

Inventory:

Armour
 a - a +0 robe
 i - a +1 robe of the Archmagi (worn)
Jewellery
 j - an uncursed ring of positive energy
 l - a +6 ring of strength (right claw)
 o - an amulet of faith (around neck)
 p - a ring of protection from magic (left claw)
Wands
 v - a wand of polymorph (14/24)
Scrolls
 c - a scroll of enchant armour {unknown}
 e - 5 scrolls of remove curse
 k - a scroll of immolation {unknown}
 m - 2 scrolls of enchant weapon {unknown}
 n - a scroll of blinking
 t - a scroll of teleportation
 u - 2 scrolls of identify
 w - a scroll of recharging
Potions
 d - a potion of brilliance
Comestibles
 b - 8 bread rations
 f - 6 chunks of flesh
 g - a meat ration
 s - 2 royal jellies


   Skills:
 * Level 4.8 Fighting
 + Level 4.0 Dodging
 + Level 2.9 Stealth
 + Level 8.1 Unarmed Combat


You had 7 spell levels left.
You didn't know any spells.

Dungeon Overview and Level Annotations

Branches:
Dungeon (5/15)
 Temple: D:4-7

Altars:
Dithmenos
Gozag
Trog
Vehumet
Xom

Shops:
D:5 ??


Innate Abilities, Weirdness & Mutations

You are too large for most types of armour.
You have claws for hands.
Your metabolism is lightning-fast.
You like to eat raw meat.
Your natural rate of healing is unusually fast.
You are covered in fur. (AC +1)
You have very tough skin. (AC +2)
Scrolls take you a little longer to read.
You are resistant to hostile enchantments. (MR+)


Message History

You are more poisoned.
The adder poisons you!
You feel very sick. The adder bites you but does no damage.
You feel very sick. The adder bites you but does no damage.
You feel sick. The adder bites you but does no damage.
You feel very buoyant.
You fly up into the air.
You feel sick. The adder bites you.
* * * LOW HITPOINT WARNING * * *
You are more poisoned.
The adder poisons you! The gnoll closely misses you.
The adder bites you but does no damage.
* * * LOW HITPOINT WARNING * * *
You feel very sick. The adder bites you but does no damage.
The gnoll hits you from afar with a spear.
* * * LOW HITPOINT WARNING * * *
The gnoll hits you.
You die...

..###....).##.....#
#......##..######
#####......##........
#..%.......##...#####
####.......(..##...# ###
...............#...# #..
#####....#####..#...###.#
≈≈≈≈≈....# #..#...#<...
≈##≈..S@# #..#.......#
######≈.gg.# ##.....#####
#...#≈≈g...# #..#.##
#!.))....(.# ##.#.#####
#.).#≈≈....# #........#
######≈##### #...%....#
#≈# #.....)..# ≈≈#
#........## ####
#...>......


You could see 3 gnolls and an adder.

Vanquished Creatures
  The ghost of dvdking the Destroyer, an amateur DECj (D:4)
  Menkaure (D:4)
  Edmund (D:5)
  An ogre (D:4)
  A centaur (D:5)
  A bullfrog (D:3)
  A gnoll sergeant (D:5)
  4 scorpions
  A howler monkey (D:4)
  A centaur zombie (D:5)
  2 bullfrog zombies (D:5)
  6 crimson imps
  Crazy Yiuf (D:2)
  A hound (D:4)
  An orc wizard (D:5)
  Jessica (D:2)
  An iguana (D:5)
  Robin (D:4)
  2 gnolls (D:5)
  6 adders
  A shadow imp (D:5)
  An adder skeleton (D:4)
  2 worms
  2 dart slugs
  4 leopard geckos
  3 orcs (D:5)
  6 bats
  3 giant cockroaches
  20 goblins
  10 hobgoblins
  10 jackals
  7 kobolds
  2 ball pythons
  7 frilled lizards
  A quokka skeleton (D:5)
  12 rats
126 creatures vanquished.

Notes
Turn   | Place    | Note
-------+----------+-------------------------------------------
     0 | D:1      | Pikken the Troll Monk began the quest for the Orb.
     0 | D:1      | Reached XP level 1. HP: 22/22 MP: 0/0
    97 | D:1      | Reached XP level 2. HP: 29/29 MP: 1/1
   525 | D:1      | Reached XP level 3. HP: 36/36 MP: 2/2
  1216 | D:2      | Noticed Jessica
  1254 | D:2      | Killed Jessica
  1254 | D:2      | Reached XP level 4. HP: 33/44 MP: 3/3
  1745 | D:2      | Gained mutation: Scrolls take you a little longer to read. [potion of mutation]
  1745 | D:2      | Gained mutation: You are resistant to hostile enchantments. (MR+) [potion of mutation]
  1748 | D:2      | Found a bloodstained altar of Trog.
  1751 | D:2      | Became a worshipper of Trog the Wrathful
  1751 | D:2      | Reached * piety under Trog
  1751 | D:2      | Reached ** piety under Trog
  1767 | D:2      | Reached skill level 4 in Unarmed Combat
  1963 | D:2      | Found a runed door.
  1967 | D:2      | Noticed Crazy Yiuf
  1971 | D:2      | Killed Crazy Yiuf
  1971 | D:2      | Reached XP level 5. HP: 53/53 MP: 4/4
  2004 | D:3      | Found an opulent altar of Gozag.
  2242 | D:3      | Found a shimmering altar of Xom.
  2282 | D:3      | Reached skill level 5 in Unarmed Combat
  2282 | D:3      | Reached XP level 6. HP: 61/61 MP: 5/5
  2292 | D:3      | You fall through a shaft for 2 floors!
  2292 | D:5      | Entered Level 5 of the Dungeon
  2338 | D:4      | Noticed Menkaure
  2347 | D:4      | Killed Menkaure
  2367 | D:4      | Found a shadowy altar of Dithmenos.
  2424 | D:4      | Noticed dvdking's ghost (amateur DECj)
  2441 | D:4      | Killed dvdking's ghost
  2441 | D:4      | Reached XP level 7. HP: 57/68 MP: 6/6
  2499 | D:4      | Reached skill level 6 in Unarmed Combat
  2605 | D:3      | Reached *** piety under Trog
  2993 | D:4      | Noticed Robin
  3065 | D:4      | Found a radiant altar of Vehumet.
  3253 | D:4      | Killed Robin
  3382 | D:5      | Reached XP level 8. HP: 79/79 MP: 7/7
  3423 | D:5      | Noticed Edmund
  3428 | D:5      | Reached skill level 7 in Unarmed Combat
  3435 | D:5      | Killed Edmund
  3529 | D:5      | Reached **** piety under Trog
  3576 | D:5      | Found Qelim's Magic Scroll Emporium.
  3581 | D:5      | Bought a scroll of remove curse for 30 gold pieces
  3581 | D:5      | Bought a scroll of recharging for 95 gold pieces
  3581 | D:5      | Bought a scroll of remove curse for 30 gold pieces
  3581 | D:5      | Bought a scroll of remove curse for 30 gold pieces
  3581 | D:5      | Bought a scroll of remove curse for 30 gold pieces
  3643 | D:5      | Found Nerod's Magic Scroll Emporium.
  3679 | D:5      | Reached skill level 8 in Unarmed Combat
  3695 | D:5      | Slain by a gnoll

Skill      XL: |  1  2  3  4  5  6  7  8 |
---------------+-------------------------+-----
Fighting       | 3 4 |  4.8
Dodging        | 3 4 |  4.0
Unarmed Combat | 4 5 6 8 |  8.1
Stealth        | 2 |  2.9

Action                   |  1- 3 |  4- 6 |  7- 9 || total
-------------------------+-------+-------+-------++-------
Melee: Unarmed           |    93 |   102 |   139 ||   334
       Punch             |     1 |     2 |     4 ||     7
Invok: Berserk           |       |     1 |     2 ||     3
  Use: Potion            |     4 |     1 |     5 ||    10
       Scroll            |       |     6 |       ||     6
 Stab: Sleeping          |     2 |     5 |     2 ||     9
       Distracted        |       |       |     2 ||     2
  Eat: Chunk             |    15 |    14 |    12 ||    41
Armor: Robe              |    27 |    25 |    48 ||   100
Dodge: Dodged            |    48 |    45 |    71 ||   164
